 Dungeon Crawl Stone Soup version 0.21.1-1-g345015fe64 (webtiles) character file.

236 Peloso the Skirmisher (level 5, -3/48 HPs)
             Began as a Minotaur Fighter on Feb 28, 2018.
             Slain by Grinder (6 damage)
             ... on level 3 of the Dungeon.
             The game lasted 00:03:32 (2511 turns).

Peloso the Skirmisher (Minotaur Fighter)            Turns: 2511, Time: 00:03:33

Health: -3/48      AC:  7    Str: 25    XL:     5   Next: 77%
Magic:  4/4        EV:  8    Int:  5    God:
Gold:   83         SH: 10    Dex: 11    Spells: 4/4 levels left

rFire    . . .     SeeInvis .   a - +0 long sword
rCold    . . .     Gourm    .   c - +0 shield
rNeg     . . .     Faith    .   b - +0 scale mail
rPois    .         Spirit   .   (helmet restricted)
rElec    .         Reflect  .   (no cloak)
rCorr    .         Harm     .   (no gloves)
MR       .....                  (no boots)
Stlth    ..........             (no amulet)
HPRegen  0.16/turn              (no ring)
MPRegen  0.09/turn              (no ring)

@: mighty
A: retaliatory headbutt, horns 2
a: no special abilities


You were on level 3 of the Dungeon.
You were not hungry.

You visited 1 branch of the dungeon, and saw 3 of its levels.

You collected 83 gold pieces.

Inventory:

Hand Weapons
 a - a +0 long sword (weapon)
 h - a +1 hand axe of chopping
Armour
 b - a +0 scale mail (worn)
 c - a +0 shield (worn)
Jewellery
 o - an uncursed ring of positive energy {unknown}
Wands
 l - a wand of random effects (19)
Scrolls
 e - 2 scrolls of teleportation {unknown}
 g - a scroll of enchant weapon {unknown}
 k - a scroll of remove curse {unknown}
 m - a scroll of enchant armour {unknown}
 n - a scroll of fog {unknown}
Potions
 d - a potion of might
 i - a potion of heal wounds {unknown}
 j - a potion of invisibility {unknown}
 p - a potion of degeneration {unknown}
 q - a potion of berserk rage {unknown}
Comestibles
 f - 5 rations


   Skills:
 + Level 5.0 Fighting
 + Level 4.1 Long Blades
 + Level 4.8 Armour
 + Level 0.4 Dodging
 + Level 1.2 Stealth
 + Level 4.6 Shields


You had 4 spell levels left.
You didn't know any spells.

Dungeon Overview and Level Annotations

Branches:
Dungeon (3/15)

Altars:
Qazlal
Uskayaw
Xom

Annotations:
D:3 Grinder


Innate Abilities, Weirdness & Mutations

You reflexively headbutt those who attack you in melee.
You have a pair of horns on your head.


Message History

Grinder blinks!
You can move again.
Grinder gestures at you.
You shrug off the repeated paralysis!
There is an escape hatch in the ceiling here.
Grinder blinks!
There is an escape hatch in the ceiling here.
You start resting.
Grinder hits you.
* * * LOW HITPOINT WARNING * * *
You writhe in agony.
* * * LOW HITPOINT WARNING * * *
You closely miss Grinder. You headbutt Grinder.
Grinder is almost dead.
You block Grinder's attack.
You closely miss Grinder.
Grinder is severely wounded.
Grinder says, "Tell me all your secrets, or I'll kill you."
Grinder hits you.
You die...

#......#........
#####.##........
#.##......
#)##.....
#.##.#.#
####))....#####
#....##)......#
#....5........#
#._...@.......#
#.............###
#......b<........
##............###
#............#
#......#######
#......# ########


You could see Grinder.

Vanquished Creatures
  A bullfrog skeleton (D:2)
  Jessica (D:3)
  Terence (D:2)
  Natasha (thrice) (D:2)
  3 adders (D:2)
  An ooze (D:2)
  3 worms (D:2)
  A dart slug (D:1)
  2 leopard geckos (D:2)
  An orc (D:3)
  2 giant cockroaches (D:2)
  4 goblins
  5 hobgoblins
  3 kobolds
  2 quokkas (D:2)
  4 bats (D:2)
  2 frilled lizards (D:2)
  3 rats (D:2)
  A butterfly (D:3)
43 creatures vanquished.

Notes
Turn   | Place    | Note
-------+----------+-------------------------------------------
     0 | D:1      | Peloso the Minotaur Fighter began the quest for the Orb.
     0 | D:1      | Reached XP level 1. HP: 19/19 MP: 0/0
   524 | D:1      | Reached skill level 4 in Fighting
   524 | D:1      | Reached XP level 2. HP: 27/27 MP: 1/1
   967 | D:2      | Noticed Terence
   980 | D:2      | Killed Terence
   980 | D:2      | Reached skill level 1 in Stealth
   980 | D:2      | Reached XP level 3. HP: 23/34 MP: 2/2
  1152 | D:2      | Reached XP level 4. HP: 28/41 MP: 3/3
  1192 | D:2      | Noticed Natasha
  1198 | D:2      | Killed Natasha
  1443 | D:2      | Noticed Natasha
  1453 | D:2      | Killed Natasha
  1513 | D:2      | Noticed Natasha
  1516 | D:2      | Killed Natasha
  1516 | D:2      | Reached XP level 5. HP: 41/47 MP: 4/4
  1808 | D:2      | Reached skill level 5 in Fighting
  2060 | D:2      | Found a hide-covered altar of Uskayaw.
  2061 | D:2      | Found a stormy altar of Qazlal.
  2432 | D:3      | Found a shimmering altar of Xom.
  2434 | D:3      | Noticed Jessica
  2451 | D:3      | Killed Jessica
  2485 | D:3      | Noticed Grinder
  2500 | D:3      | Paralysed by Grinder for 4 turns
  2509 | D:3      | HP: 2/48 [Grinder (3)]
  2511 | D:3      | Slain by Grinder

Skill      XL: |  1  2  3  4  5 |
---------------+----------------+-----
Fighting       | 4 5 |  5.0
Stealth        | 1 |  1.2
Armour         | 4 |  4.8
Shields        | 4 |  4.6
Long Blades    | 3 4 |  4.1
Dodging        | |  0.4

Action                   |  1- 3 |  4- 6 || total
-------------------------+-------+-------++-------
Melee: Long sword        |    45 |   101 ||   146
       Headbutt          |     7 |    21 ||    28
  Use: Potion            |       |     1 ||     1
  Eat: Chunk             |     1 |     4 ||     5
Armor: Scale mail        |    16 |    24 ||    40
Dodge: Dodged            |    20 |    25 ||    45
Block: Shield            |    23 |    37 ||    60
       Rpst.: Long sword |     4 |     8 ||    12
